 Dungeon Crawl Stone Soup version 0.29.1-15-g9cfb28693d (webtiles) character file.

Game seed: 8299453764524261949

4 12sPaWn12 the Caller (level 1, -1/13 HPs)
             Began as a Gnoll Summoner on Mar 21, 2023.
             Slain by a quokka (2 damage)
             ... on level 1 of the Dungeon.
             The game lasted 00:00:26 (241 turns).

12sPaWn12 the Caller (Gnoll Summoner)                Turns: 241, Time: 00:00:27

Health: -1/13      AC:  2    Str:  7    XL:     1   Next: 60%
Magic:  5/6        EV: 13    Int: 14    God:
Gold:   0          SH:  0    Dex: 12    Spells: 8/9 levels left

rFire   . . .      SeeInvis .   (no weapon)
rCold   . . .      Faith    .   (no shield)
rNeg    . . .      Spirit   .   a - +0 robe
rPois   .          Reflect  .   (no helmet)
rElec   .          Harm     .   (no cloak)
rCorr   .          Rampage  .   (no gloves)
Will    .....                   (no boots)
Stlth   ++........              (no amulet)
HPRegen 0.04/turn               (no ring)
MPRegen 0.10/turn               (no ring)

@: no status effects
A: fangs 1, strong nose, distributed training
a: no special abilities


You were on level 1 of the Dungeon.
You visited 1 branch of the dungeon, and saw 1 of its levels.

Inventory:

Armour
 a - a +0 robe (worn)
Scrolls
 d - a scroll of poison {unknown}
Potions
 b - a potion of magic
 c - a potion of lignification {unknown}


   Skills:
 + Level 0.1 Fighting
 + Level 0.1 Short Blades
 + Level 0.1 Long Blades
 + Level 0.1 Axes
 + Level 0.1 Maces & Flails
 + Level 0.1 Polearms
 + Level 0.1 Staves
 + Level 0.1 Ranged Weapons
 + Level 0.1 Throwing
 + Level 0.1 Armour
 + Level 4.4 Dodging
 + Level 4.0 Stealth
 + Level 0.1 Shields
 + Level 0.1 Unarmed Combat
 + Level 4.9 Spellcasting
 + Level 0.1 Conjurations
 + Level 0.1 Hexes
 + Level 7.0 Summonings
 + Level 0.1 Necromancy
 + Level 0.1 Translocations
 + Level 0.1 Transmutations
 + Level 0.1 Fire Magic
 + Level 0.1 Ice Magic
 + Level 0.1 Air Magic
 + Level 0.1 Earth Magic
 + Level 0.1 Poison Magic
 + Level 0.2 Invocations
 + Level 0.1 Evocations


You had 8 spell levels left.
You knew the following spells:

 Your Spells              Type           Power      Damage    Failure   Level
a - Summon Small Mammal   Summ           92%        N/A       1%          1

Your spell library contained the following spells:

 Spells                   Type           Power      Damage    Failure   Level
 Call Imp                 Summ           23%        N/A       1%          2
 Call Canine Familiar     Summ           23%        N/A       3%          3
 Summon Guardian Golem    Hex/Summ       13%        N/A       12%         3
 Summon Lightning Spire   Summ/Air       13%        N/A       38%         4


Dungeon Overview and Level Annotations

Branches:
Dungeon (1/15)

Altars:


Innate Abilities, Weirdness & Mutations

You have very sharp teeth.
Your uncanny sense of smell can sniff out nearby items.
Your experience applies equally to all skills.


Message History

The quokka barely misses you. The endoplasm freezes you.
You are frozen.
* * * LOW HITPOINT WARNING * * *
You hit the endoplasm.
You kill the endoplasm!
The quokka barely misses you.
You swap places.
Your bat hits the quokka but does no damage.
The quokka barely misses your bat.
Your bat hits the quokka but does no damage.
The quokka closely misses your bat. The quokka closely misses your bat.
Your bat hits the quokka but does no damage.
The quokka bites your bat.
The quokka bites your quokka but does no damage.
Your quokka barely misses the quokka.
The quokka bites your quokka but does no damage.
Your quokka barely misses the quokka.
The quokka misses your quokka.
Your quokka barely misses the quokka.
The quokka completely misses your quokka.
Your quokka misses the quokka. The quokka bites your quokka.
Your quokka closely misses the quokka.
The quokka closely misses your quokka.
Your bat disappears in a puff of smoke!
Your quokka completely misses the quokka.
The quokka bites your quokka.
Your quokka bites the quokka but does no damage.
The quokka bites your quokka.
Your quokka dies!
Your quokka's corpse disappears in a puff of smoke!
The quokka bites you but does no damage.
The quokka bites you.
* * * LOW HITPOINT WARNING * * *
You are too injured to fight recklessly!
You are too injured to fight recklessly!
Casting: Summon Small Mammal (safe; 1% risk of failure)
Confirm with . or Enter, or press ? or * to list all spells.
The quokka bites you.
You die...

............ ~~
~~....#............ ~
~~♣♣P..P.#.#........##
~~ ~♣..P................
.♣.♣...........##.#.#.##
..............# #.#.#...
............# #.#.#.##
#....#....#.#.#.#...
#..@.#....#........#
.#.#...r##............#
.......b.....#.###.##.#
##.#.##.###.##.........
#.............###....#
#....##.###.##.# #.....
##.# #........# #.##.#
#. ....###.##.# #.##.#
........##.###.##.#


You could see a quokka (ally target) and a friendly bat (summoned).

Vanquished Creatures
  An endoplasm (D:1)
1 creature vanquished.

Vanquished Creatures (collateral kills)
  A giant cockroach (D:1)
  2 ball pythons (D:1)
3 creatures vanquished.

Grand Total: 4 creatures vanquished

Notes
Turn   | Place    | Note
-------+----------+-------------------------------------------
     0 | D:1      | 12sPaWn12 the Gnoll Summoner began the quest for the Orb.
     0 | D:1      | Reached XP level 1. HP: 13/13 MP: 6/6
   241 | D:1      | Slain by a quokka

Illustrated notes

Levels and vault maps discovered:
D:1:      onia_arrival_mini_maze_b, layout_basic,
          nicolae_ecumenical_snake_handling, serial_bayou_pond_a

Action                   || total
-------------------------++-------
Melee: Unarmed           ||    17
       Bite              ||     1
 Cast: Summon Small Mamm ||     7
 Stab: Sleeping          ||     2
Armor: Robe              ||     4
Dodge: Dodged            ||    19
